 Dungeon Crawl Stone Soup version 0.25-a0-571-gb5e01bddfa (webtiles) character file.

Game seed: 6427751728902274359, levelgen mode: deterministic

4832 Eurus the Thaumaturge (level 10, -2/74 HPs)
             Began as a Mummy Conjurer on Feb 29, 2020.
             Was an Initiate of Ashenzari.
             Slain by an orc warrior
             ... wielding a +0 hand axe
              (14 damage)
             ... on level 9 of the Dungeon.
             The game lasted 00:37:48 (14867 turns).

Eurus the Thaumaturge (Mummy Conjurer)             Turns: 14867, Time: 00:37:49

Health: -2/74      AC:  6    Str: 11    XL:     10   Next: 25%
Magic:  15/23      EV: 14    Int: 17    God:    Ashenzari [......]
Gold:   539        SH:  0    Dex: 17    Spells: 20/27 levels left

rFire    x . .     SeeInvis .   u - +3 flail (venom)
rCold    + . .     Gourm    .   (no shield)
rNeg     + + +     Faith    .   l - +0 robe
rPois    ∞         Spirit   .   e - +0 helmet (curse)
rElec    .         Reflect  .   n - scarf {cloud immunity} (curse)
rCorr    .         Harm     .   (no gloves)
MR       +....                  (no boots)
Stlth    ++........             (no amulet)
HPRegen  0.22/turn              m - +3 ring of protection
MPRegen  0.18/turn              j - +3 ring of dexterity

@: no status effects
A: no food or potions, fire vulnerability, cold resistance 1, negative energy
resistance 3, torment resistance, unbreathing
a: Curse Item, Renounce Religion


You were on level 9 of the Dungeon.
You worshipped Ashenzari.
Ashenzari was noncommittal.
You were not hungry.

You visited 2 branches of the dungeon, and saw 10 of its levels.
You also visited: Ossuary.

You collected 539 gold pieces.

Inventory:

Hand Weapons
 u - a +3 flail of venom (weapon)
Armour
 e - a cursed +0 helmet (worn)
 l - a +0 robe (worn)
 n - a cursed scarf of cloud immunity (worn)
 q - a +0 kite shield
Magical Staves
 r - an uncursed staff of air
Jewellery
 a - a +4 ring of dexterity
 b - an uncursed ring of protection from cold
 j - a +3 ring of dexterity (right hand)
 k - an uncursed ring of fire
 m - a +3 ring of protection (left hand)
Wands
 i - a wand of flame (4)
 o - a wand of iceblast (10)
 p - a wand of acid (2)
 s - a wand of scattershot (4)
Scrolls
 c - 3 scrolls of amnesia
 d - 2 scrolls of enchant armour
 f - 8 scrolls of remove curse
 g - 7 scrolls of identify
 h - 4 scrolls of magic mapping
 t - 2 scrolls of teleportation


   Skills:
 - Level 5.2 Fighting
 + Level 3.6 Armour
 - Level 4.0 Dodging
 - Level 1.5 Stealth
 * Level 0.5 Shields
 * Level 9.1 Spellcasting
 * Level 7.1 Conjurations
 * Level 5.5 Translocations


You had 20 spell levels left.
You knew the following spells:

 Your Spells              Type           Power        Failure   Level  Hunger
a - Magic Dart            Conj           ####         1%          1    N/A
b - Searing Ray           Conj           ####..       1%          2    N/A
c - Iskenderun's Mystic   Conj/Tloc      ####....     7%          4    N/A

Your spell library contained the following spells:

 Spells                   Type           Power        Failure   Level  Hunger
 Apportation              Tloc           ####..       1%          1    N/A
 Dazzling Flash           Conj/Hex       ###...       6%          3    N/A
 Animate Skeleton         Necr           N/A          10%         1    N/A
 Corona                   Hex            #......      10%         1    N/A
 Summon Small Mammal      Summ           #...         10%         1    N/A
 Ensorcelled Hibernation  Hex/Ice        #.....       14%         2    N/A
 Fulminant Prism          Conj/Hex       ###.......   22%         4    N/A
 Confusing Touch          Hex            #.......     28%         3    N/A
 Tukima's Dance           Hex            #.......     28%         3    N/A
 Iskenderun's Battlesphe  Conj/Chrm      ###.....     52%         5    N/A
 Bolt of Magma            Conj/Fire/Erth ###.......   67%         5    N/A
 Iron Shot                Conj/Erth      ###.......   97%         6    N/A
 Orb of Destruction       Conj           ####......   99%         7    N/A
 Spellforged Servitor     Conj/Summ      ###.......   100%        7    N/A

Dungeon Overview and Level Annotations

Branches:
Dungeon (9/15)             Temple (1/1) D:5         Ossuary (visited)
   Lair: D:8-11         Orc: D:9-12

Altars:
Ashenzari
Cheibriados
Dithmenos
Elyvilon
Fedhas
Gozag
Hepliaklqana
Kikubaaqudgha
Makhleb
Nemelex Xobeh
Okawaru
Qazlal
Ru
Sif Muna
Trog
Uskayaw
Vehumet
Wu Jian
Xom
Yredelemnul
Zin
The Shining One

Shops:
D:4 ?   D:7 *   D:9 :

Annotations:
D:1 1 exclusion


Innate Abilities, Weirdness & Mutations

You do not eat or drink.
Your flesh is vulnerable to fire.
You are immune to poison.
Your flesh is cold resistant. (rC+)
You are immune to negative energy. (rN+++)
You are immune to unholy pain and torment.
You can survive without breathing.


Message History

Casting: Searing Ray (safe; 1% risk of failure)
Confirm with . or Enter, or press ? or * to list all spells.
Aiming: Searing Ray (safe; 1% risk of failure)
Press: ? - help, Shift-Dir - straight line, f - orc wizard, p - orc warrior
Aim: an orc wizard, wielding a +0 dagger and wearing a +0 robe The searing ray hits the orc warrior.
The orc warrior is severely wounded.
The searing ray misses the orc wizard. (Press . to maintain the ray.)
The orc warrior hits you with a +0 hand axe!
* * * LOW HITPOINT WARNING * * *
The searing ray misses the orc warrior.
The searing ray hits the orc wizard.
The orc wizard is moderately wounded.
The orc warrior closely misses you.
The searing ray hits the orc warrior.
The orc warrior is almost dead.
The searing ray hits the orc wizard!
The orc wizard is almost dead.
The orc warrior hits you with a +0 hand axe!
You die...

##.### ####.#
#....# ##.####
#..# #.##
##'#######
#........####
#..!.....@oo#
#........##o...#
#.....<..# ##...
########## .


You could see an orc warrior, an orc wizard and an orc.

Vanquished Creatures
  A hippogriff (D:8)
  2 hogs (D:7)
  A human (D:7)
  5 yaks (D:7)
  Edmund (D:5)
  2 orc warriors
  A black bear (D:6)
  An eye of draining (D:8)
  An ice beast (D:6)
  A sky beast (D:6)
  2 centaurs
  6 ogres
  6 bullfrogs
  7 scorpions
  3 killer bees (D:7)
  4 crimson imps
  A bullfrog zombie (D:7)
  5 hounds
  A quasit (D:7)
  6 orc priests
  A bullfrog skeleton (D:4)
  A jelly (D:8)
  5 orc wizards
  An iguana (D:6)
  5 worker ants
  8 big kobold zombies (Ossuary)
  A mummy (Ossuary)
  A worker ant zombie (D:8)
  3 gnolls (D:8)
  14 adders
  3 oozes
  2 adder skeletons
  4 dart slugs
  3 leopard geckos
  17 orcs
  4 goblins
  7 hobgoblins
  9 jackals
  8 kobolds
  3 quokkas
  6 bats
  3 bat simulacra (Ossuary)
  5 frilled lizards
  4 gnoll zombies (Ossuary)
  A goblin simulacrum (Ossuary)
  5 goblin zombies (Ossuary)
  7 hobgoblin zombies (Ossuary)
  A jackal skeleton (D:8)
  A jackal zombie (D:6)
  A kobold simulacrum (Ossuary)
  3 kobold zombies (Ossuary)
  3 orc zombies (Ossuary)
  4 rats
  3 rat simulacra (Ossuary)
  3 spectral goblins (Ossuary)
  5 spectral kobolds (Ossuary)
  5 spectral rats (Ossuary)
217 creatures vanquished.

Vanquished Creatures (others)
  A spectral rat (Ossuary)
1 creature vanquished.

Grand Total: 218 creatures vanquished

Notes
Turn   | Place    | Note
-------+----------+-------------------------------------------
     0 | D:1      | Eurus the Mummy Conjurer began the quest for the Orb.
     0 | D:1      | Reached XP level 1. HP: 13/13 MP: 4/4
   459 | D:1      | Reached XP level 2. HP: 20/20 MP: 3/5
   576 | D:1      | Reached skill level 3 in Spellcasting
   729 | D:1      | Reached skill level 1 in Fighting
  1287 | D:2      | Reached XP level 3. HP: 26/26 MP: 1/7
  1318 | D:2      | Learned a level 2 spell: Searing Ray
  1876 | D:2      | Reached XP level 4. HP: 22/32 MP: 7/9
  2554 | D:3      | Learned a level 4 spell: Iskenderun's Mystic Blast
  2752 | D:3      | Reached skill level 4 in Spellcasting
  2917 | D:3      | Reached XP level 5. HP: 36/38 MP: 11/11
  3459 | D:4      | Reached skill level 1 in Translocations
  4075 | D:4      | Found Anlorois's Magic Scroll Emporium.
  4082 | D:4      | Found an iron altar of Okawaru.
  4083 | D:4      | Found a shimmering altar of Xom.
  4083 | D:4      | Found a bloodstained altar of Trog.
  4114 | D:4      | Found a glowing golden altar of the Shining One.
  4129 | D:4      | Reached XP level 6. HP: 46/46 MP: 7/12
  4419 | D:4      | Reached skill level 5 in Spellcasting
  4696 | D:5      | Entered Level 5 of the Dungeon
  4885 | D:5      | Reached XP level 7. HP: 48/52 MP: 10/14
  4892 | D:5      | Noticed Edmund
  5140 | D:5      | Found a sand-covered staircase.
  5147 | Ossuary  | Entered an ossuary
  6153 | Ossuary  | Reached skill level 1 in Armour
  6257 | Ossuary  | Reached skill level 5 in Conjurations
  7040 | D:5      | Found a sacrificial altar of Ru.
  7402 | D:5      | Reached skill level 6 in Spellcasting
  7402 | D:5      | Reached XP level 8. HP: 58/58 MP: 11/17
  8909 | D:6      | Found an ancient bone altar of Kikubaaqudgha.
  9630 | D:6      | Reached skill level 7 in Spellcasting
 10591 | D:7      | Found Ziur's Lightly-Used Armoury.
 10654 | D:7      | Reached XP level 9. HP: 54/65 MP: 11/20
 10930 | D:7      | Reached skill level 8 in Spellcasting
 11525 | D:5      | Killed Edmund
 11565 | D:5      | Found a staircase to the Ecumenical Temple.
 11576 | Temple   | Entered the Ecumenical Temple
 11727 | Temple   | Became a worshipper of Ashenzari the Shackled
 11945 | D:8      | Noticed a two-headed ogre
 12449 | D:7      | Reached skill level 5 in Translocations
 13019 | D:7      | Reached skill level 5 in Fighting
 13163 | D:8      | Reached XP level 10. HP: 34/74 MP: 14/22
 13785 | D:8      | Reached skill level 9 in Spellcasting
 14056 | D:8      | Found an ornate altar of the Wu Jian Council.
 14832 | D:9      | Found Zutrer's Book Shoppe.
 14867 | D:9      | Slain by an orc warrior

Levels and vault maps discovered:
D:1:      lemuel_arrival_lava_pool, layout_basic
D:2:      layout_rooms, minmay_misc_feat_room
D:3:      layout_loops_corners, first_ration
D:4:      layout_loops_ring, grunt_temple_overflow_open, serial_forest,
          infiniplex_forest_end_2, infiniplex_forest_lined_2,
          infiniplex_forest_lined_2, infiniplex_forest_lined_3,
          infiniplex_forest_lined_corner, infiniplex_forest_corner_1,
          infiniplex_forest_clump_cross, infiniplex_forest_clump_curved,
          infiniplex_forest_lined_room_2, serial_shops,
          nicolae_shop_behind_doors
D:5:      layout_loops_ring, temple_hall, chequers_ossuary_entry_cave,
          nicolae_ru_sacrificial_ziggurat, uniq_edmund
D:6:      layout_basic, lemuel_zombie_altar_kikubaaqudgha
D:7:      layout_cave_pools, grunt_livestock, minmay_shop_damaged
D:8:      minmay_clustersquares, layout_rooms, lemuel_doored_altar,
          st_stairs_14, minmay_fractal_squares_diagonal_5
D:9:      layout_roguey, serial_shops, shop, nicolae_shop_trees,
          nicolae_shop_behind_doors, fedhas_altar_fruit_tree
Temple:   regret_index_temple_sphere_string

Skill      XL: |  1  2  3  4  5  6  7  8  9 10 |
---------------+-------------------------------+-----
Spellcasting   | 3 4 5 6 7 8 9 |  9.1
Fighting       | 1 2 3 4 5 |  5.2
Conjurations   | 4 5 6 7 |  7.1
Translocations | 1 2 4 5 |  5.5
Dodging        | 2 3 4 |  4.0
Armour         | 1 2 3 |  3.6
Stealth        | |  1.5
Shields        | |  0.5

Action                   |  1- 3 |  4- 6 |  7- 9 | 10-12 || total
-------------------------+-------+-------+-------+-------++-------
Melee: Unarmed           |     7 |       |       |       ||     7
       Club              |    52 |    43 |   104 |       ||   199
       Flail             |       |       |     6 |     5 ||    11
 Cast: Magic Dart        |    59 |    28 |    97 |    19 ||   203
       Searing Ray       |     2 |    16 |    96 |    26 ||   140
Invok: Curse Item        |       |       |     2 |       ||     2
  Use: Scroll            |       |     7 |     2 |     4 ||    13
 Stab: Sleeping          |     1 |     5 |     4 |       ||    10
Armor: Robe              |     8 |    15 |    35 |     5 ||    63
Dodge: Dodged            |    58 |    43 |   186 |    22 ||   309

Table legend:
 A = Non-vault XP
 B = Vault XP
 C = Vault XP percentage of total XP
 D = Non-vault monster count
 E = Vault monster count
 F = Vault count percentage of total count
                 A         B        C        D         E       F
            +---------+---------+-------+---------+---------+-------
      Total |    4631 |    2273 |  32.9 |     147 |      70 |  32.3
            +---------+---------+-------+---------+---------+-------
        D:1 |      31 |       0 |   0.0 |      18 |       0 |   0.0
        D:2 |      83 |       0 |   0.0 |      14 |       0 |   0.0
        D:3 |      99 |       0 |   0.0 |      28 |       0 |   0.0
        D:4 |     475 |       0 |   0.0 |      10 |       0 |   0.0
        D:5 |     714 |     166 |  18.9 |      21 |       1 |   4.5
        D:6 |     916 |       0 |   0.0 |      19 |       0 |   0.0
        D:7 |    1343 |    1083 |  44.6 |      16 |       7 |  30.4
        D:8 |     603 |     759 |  55.7 |      14 |      10 |  41.7
        D:9 |     367 |       0 |   0.0 |       7 |       0 |   0.0
    Ossuary |       0 |     265 | 100.0 |       0 |      52 | 100.0
            +---------+---------+-------+---------+---------+-------
